 Dungeon Crawl Stone Soup version 0.17-a0-1-g1f4be75 (webtiles) character file.

144 Gronka the Shield-Bearer (level 5, -1/42 HPs)
             Began as a Human Fighter on Mar 5, 2015.
             Slain by Natasha (8 damage)
             ... on level 3 of the Dungeon.
             The game lasted 00:06:07 (2691 turns).

Gronka the Shield-Bearer (Human Fighter)            Turns: 2691, Time: 00:06:07

Health: -1/42      AC:  7    Str: 18    XL:     5   Next: 52%
Magic:  5/5        EV:  8    Int:  8    God:
Gold:   94         SH:  9    Dex: 12    Spells: 0 memorised, 4 levels left

rFire  . . .     SeeInvis .     a - +0 long sword
rCold  . . .     Clarity  .     b - +0 scale mail
rNeg   . . .     SustAb   .     c - +0 shield
rPois  .         Gourm    .     (helmet restricted)
rElec  .         Spirit   .     (no cloak)
rCorr  .         Warding  .     (no gloves)
rMut   .         Stasis   .     (no boots)
MR     .....                    (no amulet)
Stlth  ..........               (no ring)
                                (no ring)

@: not resistant to hostile enchantments, extremely unstealthy
A: horns 1
a: no special abilities


You were on level 3 of the Dungeon.
You were not hungry.

You visited 1 branch of the dungeon, and saw 3 of its levels.

You collected 94 gold pieces.

Inventory:

Hand weapons
 a - a +0 long sword (weapon)
Armour
 b - a +0 scale mail (worn)
 c - a +0 shield (worn)
Magical devices
 o - a wand of confusion (0)
Scrolls
 f - a scroll of enchant armour {unknown}
 g - a scroll of remove curse {unknown}
 j - a scroll of recharging {unknown}
 l - a scroll of noise {unknown}
 m - 2 scrolls of identify {unknown}
 n - a scroll of immolation {unknown}
 p - a scroll of fog {unknown}
Potions
 d - a potion of haste
 e - a potion of might
 i - a potion of brilliance {unknown}
 q - a potion of mutation
Comestibles
 h - 6 fruits
 k - a beef jerky
 r - a meat ration


   Skills:
 + Level 3.7 Fighting
 + Level 2.2 Long Blades
 + Level 3.7 Armour
 + Level 2.3 Dodging
 + Level 0.2 Stealth
 + Level 3.7 Shields


You had 4 spell levels left.
You didn't know any spells.

Dungeon Overview and Level Annotations

Branches:
Dungeon (3/15)

Altars:

Annotations:
D:3 Natasha


Innate Abilities, Weirdness & Mutations

You have a pair of small horns on your head.


Message History

Natasha is heavily wounded.
You block Natasha's attack. You block the hobgoblin's attack.
The rat bites you but does no damage.
You closely miss Natasha.
Natasha is heavily wounded.
You block Natasha's attack.
The hobgoblin hits you but does no damage.
The rat bites you.
* * * LOW HITPOINT WARNING * * *
Natasha casts a spell at you. The magic dart hits you!
* * * LOW HITPOINT WARNING * * *
The hobgoblin hits you.
* * * LOW HITPOINT WARNING * * *
The rat barely misses you.
You barely miss Natasha. You headbutt Natasha.
Natasha is almost dead.
You block the hobgoblin's attack. The rat bites you but does no damage.
Natasha claws you!
You die...

... .........
#s........# #
#......... .
##........ #..
......$. ... ##.
#?.... ###......
#..gr###
#.....#####..h@..###
#....<..............#
.#...................#
.(..............[....#
..##.(...#...........#
..#.#...#...........#
##.#.....##..........#
......)))..........###
.....##)###....#.###


You could see Natasha, a giant cockroach (wandering), a hobgoblin and a rat.

Vanquished Creatures
  Terence (D:3)
  Robin (D:3)
  3 adders
  A worm (D:2)
  A giant gecko (D:3)
  8 orcs (D:3)
  A ball python (D:2)
  9 bats
  6 giant cockroaches
  3 hobgoblins
  9 jackals
  5 kobolds
  A giant newt (D:2)
  16 goblins
  12 rats
77 creatures vanquished.

Notes
Turn   | Place    | Note
--------------------------------------------------------------
     0 | D:1      | Gronka, the Human Fighter, began the quest for the Orb.
     0 | D:1      | Reached XP level 1. HP: 18/18 MP: 1/1
   117 | D:1      | Reached XP level 2. HP: 22/24 MP: 2/2
   881 | D:2      | Reached skill level 1 in Dodging
   912 | D:2      | Reached XP level 3. HP: 26/29 MP: 3/3
  1117 | D:2      | Reached XP level 4. HP: 24/35 MP: 4/4
  1709 | D:3      | Noticed Terence
  1775 | D:3      | Killed Terence
  2096 | D:3      | Reached XP level 5. HP: 22/41 MP: 5/5
  2322 | D:3      | Noticed Robin
  2340 | D:3      | Killed Robin
  2353 | D:3      | Gained mutation: You are clumsy. (Dex -2) [potion of mutation]
  2353 | D:3      | Gained mutation: You have a pair of small horns on your head. [potion of mutation]
  2353 | D:3      | Lost mutation: You are clumsy. (Dex -2) [potion of mutation]
  2675 | D:3      | Noticed Natasha
  2691 | D:3      | Slain by Natasha

Action                   |  1- 3 |  4- 6 || total
-------------------------+-------+-------++-------
Melee: Long sword        |   145 |   214 ||   359
  Use: Potion            |       |     2 ||     2
  Eat: Bread ration      |     1 |       ||     1
       Royal jelly       |       |     1 ||     1
